 Dungeon Crawl Stone Soup version 0.23-a0-844-gdc03e01 (console) character file.

59 bli the Charmwright (level 3, 0/18 HPs)
             Began as a Spriggan Skald on Jan 26, 2019.
             Succumbed to an adder's poison
             ... on level 2 of the Dungeon.
             The game lasted 00:05:17 (1274 turns).

bli the Charmwright (Spriggan Skald)                Turns: 1274, Time: 00:05:17

Health: 0/18       AC:  3    Str:  4 (7)  XL:     3   Next: 78%
Magic:  3/8        EV: 19    Int: 12 (14) God:
Gold:   77         SH:  4    Dex: 15 (16) Spells: 4/7 levels left

rFire    . . .     SeeInvis +   a - +0 short sword (speed)
rCold    . . .     Gourm    .   (shield restricted)
rNeg     . . .     Faith    .   b - +0 robe
rPois    .         Spirit   .   (helmet restricted)
rElec    .         Reflect  +   k - +0 cloak
rCorr    .         Harm     .   (gloves unavailable)
MR       .....     Rnd*Tele +   (boots unavailable)
Stlth    ..........             h - +4 amulet of reflection
HPRegen  0.06/turn              c - ring of teleportation (curse)
MPRegen  0.11/turn              e - ring of attention (curse)

@: lethally poisoned (0 -> -4), berserk cooldown, slowed, quick
A: very small, unfitting armour, see invisible, herbivore, speed 3, slow
metabolism 2
a: no special abilities


You were on level 2 of the Dungeon.
You were not hungry.

You visited 1 branch of the dungeon, and saw 2 of its levels.

You collected 77 gold pieces.

Inventory:

Hand Weapons
 a - a +0 short sword of speed (weapon)
Missiles
 f - 34 sling bullets
Armour
 b - a +0 robe (worn)
 k - a +0 cloak (worn)
Jewellery
 c - a cursed ring of teleportation (left hand)
 e - a cursed ring of attention (right hand)
 h - a +4 amulet of reflection (around neck)
 n - an uncursed ring of wizardry {unknown}
Scrolls
 g - a scroll of identify {unknown}
 o - a scroll of magic mapping {unknown}
Potions
 l - a potion of curing {unknown}
 m - a potion of flight {unknown}
 p - a potion of brilliance {unknown}
Comestibles
 d - 3 rations


   Skills:
 + Level 1.5 Fighting
 + Level 4.2 Short Blades
 - Level 4.0 Dodging
 + Level 0.2 Stealth
 + Level 2.9 Spellcasting
 + Level 4.4 Charms


You had 4 spell levels left.
You knew the following spells:

 Your Spells              Type           Power        Failure   Level  Hunger
a - Infusion              Chrm           ##..         4%          1    #......
S - Shroud of Golubria    Chrm/Tloc      #.........   16%         2    ###....

Your spell library contained the following spells:

 Spells                   Type           Power        Failure   Level  Hunger
 Song of Slaying          Chrm           ##......     6%          2    ###....
 Regeneration             Chrm/Necr      #.........   30%         3    ###....
 Spectral Weapon          Hex/Chrm       #.......     30%         3    ###....


Dungeon Overview and Level Annotations

Branches:
Dungeon (2/15)

Altars:


Innate Abilities, Weirdness & Mutations

You are very small and have problems with some larger weapons.
You are too small for most types of armour.
You have supernaturally acute eyesight. (SInv)
You are a herbivore.
You cover ground extremely quickly.
You need to consume almost no food.


Message History

You closely miss the adder. You hit the adder.
The adder is lightly wounded.
The adder barely misses you.
You hit the adder.
The adder is heavily wounded.
You hit the adder.
The adder is almost dead.
The adder closely misses you.
You puncture the adder!
You kill the adder!
Your Dodging skill increases to level 4!
You are too berserk!
Unknown command.
You feel a strong urge to attack something.
You see here an adder corpse.
You feel your anger nearly subside.
You are no longer berserk.
You are exhausted.
You feel yourself slow down.
You die...

?# .# .# ##. #..
###
#######.###.....
................
#.###..# #.....#
#.######††####
#...@.....#
#######†...#
....#......#
#...#†##.##..
#............
#..###.#####.#
###>###..# #
##...##..##
.#........#
..........#
#........# .


There were no monsters in sight!

Vanquished Creatures
  2 adders (D:2)
  An ooze (D:2)
  2 dart slugs (D:1)
  A leopard gecko (D:2)
  2 bats
  5 goblins
  3 hobgoblins (D:1)
  7 jackals (D:1)
  3 kobolds (D:1)
  4 rats (D:2)
30 creatures vanquished.

Notes
Turn   | Place    | Note
-------+----------+-------------------------------------------
     0 | D:1      | bli the Spriggan Skald began the quest for the Orb.
     0 | D:1      | Reached XP level 1. HP: 10/10 MP: 5/5
   540 | D:1      | Reached XP level 2. HP: 13/14 MP: 0/6
  1120 | D:2      | Reached XP level 3. HP: 18/18 MP: 4/8
  1211 | D:2      | Learned a level 2 spell: Shroud of Golubria
  1274 | D:2      | Succumbed to an adder's poison

Vault maps used:
D:1:      shiori_arrival_elements
D:2:      dancing_weapons_uskayaw

Skill      XL: |  1  2  3 |
---------------+----------+-----
Short Blades   | 3 4 |  4.2
Dodging        | 4 |  4.0
Fighting       | |  1.5
Stealth        | |  0.2
Spellcasting   | |  2.9
Charms         | |  4.4

Action                   || total
-------------------------++-------
Melee: Short sword       ||   145
 Cast: Infusion          ||     5
  Use: Potion            ||     2
Armor: Robe              ||    14
Dodge: Dodged            ||    70
Block: Other             ||    12

Table legend:
 A = Non-vault XP
 B = Vault XP
 C = Vault XP percentage of total XP
 D = Non-vault monster count
 E = Vault monster count
 F = Vault count percentage of total count
                 A         B        C        D         E       F
            +---------+---------+-------+---------+---------+-------
      Total |      85 |       0 |   0.0 |      30 |       0 |   0.0
            +---------+---------+-------+---------+---------+-------
        D:1 |      40 |       0 |   0.0 |      19 |       0 |   0.0
        D:2 |      45 |       0 |   0.0 |      11 |       0 |   0.0
            +---------+---------+-------+---------+---------+-------
